 Dungeon Crawl Stone Soup version 0.31.0-11-ge490571c62 (webtiles) character file.

Game seed: 16807785295888665949

108 mandarbmax the Cutter (level 5, -2/32 HPs)
             Began as a Kobold Fighter on Feb 5, 2024.
             Slain by Sigmund
             ... wielding a +0 scythe
              (4 damage)
             ... on level 4 of the Dungeon.
             The game lasted 00:02:38 (2720 turns).

mandarbmax the Cutter (Kobold Fighter)              Turns: 2720, Time: 00:02:38

Health: -2/32      AC:  6    Str: 14    XL:     5   Next: 12%
Magic:  5/5        EV: 10    Int:  9    God:
Gold:   144        SH:  5    Dex: 16    Spells: 4/4 levels left

rFire   . . .        f - +1 dagger (drain)
rCold   . . .        c - +0 buckler
rNeg    . . .        b - +0 scale mail
rPois   .            (no helmet)
rElec   .            (no cloak)
rCorr   .            (no gloves)
SInv    .            (no boots)
Will    .....        (no amulet)
Stlth   +            (no ring)
HPRegen 0.25/turn    (no ring)
MPRegen 0.09/turn

%: no passive effects
@: invisible
A: small, no large weapons, nightstalker 3
a: no special abilities


You were on level 4 of the Dungeon.
You visited 1 branch of the dungeon, and saw 4 of its levels.

You collected 144 gold pieces.

Inventory:

Hand Weapons
 a - a +0 rapier
 f - a +1 dagger of draining (weapon)
Missiles
 q - 7 poisoned darts (quivered)
Armour
 b - a +0 scale mail (worn)
 c - a +0 buckler (worn)
Scrolls
 e - a scroll of teleportation
 i - a scroll of poison {unknown}
 j - a scroll of vulnerability {unknown}
 k - a scroll of identify {unknown}
 l - a scroll of revelation {unknown}
Potions
 d - 2 potions of might
 m - a potion of haste {unknown}
 n - a potion of heal wounds {unknown}
 o - a potion of ambrosia {unknown}
 p - a potion of magic {unknown}


   Skills:
 - Level 3.2 Fighting
 + Level 5.2 Short Blades
 - Level 3.0 Armour
 - Level 3.0 Shields


You had 4 spell levels left.
You didn't know any spells.
Your spell library contained the following spells:

 Spells                   Type           Power      Damage    Failure   Level
 Summon Small Mammal      Summ           0%         N/A       92%         1
 Call Canine Familiar     Summ           0%         N/A       100%        3
 Summon Blazeheart Golem  Fire/Summ      0%         N/A       100%        4


Dungeon Overview and Level Annotations

Branches:
Dungeon (4/15)
 Temple: D:4-7

Altars:
Ashenzari
Nemelex Xobeh

Annotations:
D:4 Menkaure, Sigmund


Innate Abilities, Weirdness & Mutations

You are small and have problems with some larger weapons.
You are completely attuned to the shadows.


Message History

Your surroundings suddenly seem different.
Sigmund the Dreaded comes into view.
He is wielding a +0 scythe.
Found 6 poisoned darts, a falchion and a dagger.
The helpless Sigmund fails to defend himself.
You puncture Sigmund!
Sigmund is severely wounded.
You hit Sigmund.
Sigmund is severely wounded.
Sigmund points at you and mumbles some strange words.
You are confused.
Unknown command.
It was a potion of curing.
You feel better. Sigmund casts a spell at you.
You are confused.
You closely miss Sigmund.
Sigmund is severely wounded.
Sigmund mumbles some strange words.
Sigmund flickers and vanishes!
Deactivating autopickup; reactivate with Ctrl-A.
You bump into the rock wall.
Something hits you.
You bump into the rock wall.
A kobold comes into view. It is wielding a +0 club.
Something hits you.
The kobold shouts!
Unknown command.
You feel less confused.
A goblin comes into view. It is wielding a +0 club.
You completely miss something.
The goblin shouts!
The kobold throws a stone.
Something hits you!
* * * LOW HITPOINT WARNING * * *
You barely miss something. The goblin barely misses you.
You barely miss the goblin. Something hits you but does no damage.
The goblin barely misses you.
The kobold throws a stone.
You barely miss something. You closely miss something.
The goblin hits you with a +0 club.
* * * LOW HITPOINT WARNING * * *
Something hits you.
You die...

#.....
####..)...
....K....
#{.....)
####.@g....
...........
####.......
#.###.##
...# ...
##### ##


You could see a goblin (unable to see you) and a kobold (unable to see you).

Vanquished Creatures
  A howler monkey (D:4)
  2 adders (D:3)
  7 endoplasms
  9 giant cockroaches
  4 hobgoblins
  4 kobolds
  3 quokkas (D:1)
  5 ball pythons
  2 bats
  2 frilled lizards (D:3)
  4 goblins
  3 rats
46 creatures vanquished.

Notes
Turn   | Place    | Note
-------+----------+-------------------------------------------
     0 | D:1      | mandarbmax the Kobold Fighter began the quest for the Orb.
     0 | D:1      | Reached XP level 1. HP: 14/14 MP: 1/1
    78 | D:1      | Reached skill level 3 in Short Blades
    86 | D:1      | Reached XP level 2. HP: 19/19 MP: 2/2
   649 | D:1      | Reached XP level 3. HP: 21/22 MP: 3/3
  1131 | D:2      | Found a faded altar of an unknown god.
  1131 | D:2      | Noticed a great orb of eyes
  1131 | D:2      | Noticed an eye of devastation
  1136 | D:2      | Noticed a great orb of eyes
  1136 | D:2      | Noticed an eye of devastation
  1628 | D:2      | Found a broken altar of Ashenzari.
  1945 | D:3      | Reached XP level 4. HP: 27/28 MP: 4/4
  2266 | D:3      | Reached skill level 4 in Short Blades
  2329 | D:3      | Found a sparkling altar of Nemelex Xobeh.
  2647 | D:4      | Reached skill level 5 in Short Blades
  2647 | D:4      | Reached XP level 5. HP: 25/32 MP: 5/5
  2697 | D:4      | Noticed Menkaure
  2702 | D:4      | Noticed Sigmund
  2720 | D:4      | Slain by Sigmund

Illustrated notes

Levels and vault maps discovered:
D:1:      dpeg_arrival_prison, layout_basic, chequers_serial_rivers_marsh,
          minivault_11
D:2:      layout_loops_ring, hellmonk_ecumenical_altar_watching_god,
          basic_altar, nicolae_elevator_lobby_asterisk
D:3:      layout_basic, nemelex_xobeh_ov_fountains_minmay
D:4:      layout_basic, mainiacjoe_overflow_chevrons, uniq_sigmund,
          uniq_menkaure, uniq_blork_the_orc

Skill      XL: |  1  2  3  4 |
---------------+-------------+-----
Short Blades   | 3 5 |  5.2
Shields        | 3 |  3.0
Armour         | 3 |  3.0
Fighting       | |  3.2

Action                     |  1- 3 |  4- 6 || total
---------------------------+-------+-------++-------
  Melee: Rapier            |    65 |       ||    65
         Dagger            |    38 |    40 ||    78
    Use: Potion            |       |     2 ||     2
         Scroll            |       |     1 ||     1
   Stab: Sleeping          |     1 |     1 ||     2
 Armour: Scale mail        |    51 |    17 ||    68
  Dodge: Dodged            |    55 |    12 ||    67
  Block: Buckler           |    30 |     4 ||    34
